 Dungeon Crawl Stone Soup version 0.21.0-30-g47ce8e4 (webtiles) character file.

4732 pk666 the Cleaver (level 10, -13/100 HPs)
             Began as a Minotaur Berserker on Jan 28, 2018.
             Was an Elder of Trog.
             Mangled by a two-headed ogre
             ... wielding a +0 giant spiked club
              (20 damage)
             ... on level 7 of the Dungeon.
             The game lasted 00:18:37 (5823 turns).

pk666 the Cleaver (Minotaur Berserker)              Turns: 5823, Time: 00:18:37

Health: -13/100    AC: 15    Str: 24    XL:     10   Next: 22%
Magic:  9/9        EV: 12    Int:  4    God:    Trog [****..]
Gold:   147        SH:  0    Dex: 14    Spells: 9/9 levels left

rFire    + . .     SeeInvis .   a - +0 hand axe
rCold    . . .     Gourm    .   (no shield)
rNeg     . . .     Faith    .   G - +1 ring mail {rF+}
rPois    .         Spirit   .   D - +2 hat
rElec    .         Reflect  .   j - scarf {repulsion}
rCorr    .         Harm     +   H - +0 pair of gloves {Dex+3}
MR       +....                  d - +0 pair of boots
Stlth    +.........             E - amulet of harm
HPRegen  0.26/turn              e - ring of protection from magic
MPRegen  0.11/turn              t - +5 ring of protection

@: berserk cooldown, slowed, repel missiles, very slow
A: retaliatory headbutt, horns 2
a: Berserk, Trog's Hand, Brothers in Arms, Burn Spellbooks, Renounce Religion


You were on level 7 of the Dungeon.
You worshipped Trog.
Trog was greatly pleased with you.
You were not hungry.

You visited 1 branch of the dungeon, and saw 8 of its levels.

You collected 319 gold pieces.
You spent 172 gold pieces at shops.

Inventory:

Hand Weapons
 a - a +0 hand axe (weapon)
Armour
 d - a +0 pair of boots (worn)
 j - a scarf of repulsion (worn)
 x - a +0 cloak
 D - a +2 hat (worn)
 G - a +1 ring mail of fire resistance (worn)
 H - a +0 pair of gloves of dexterity (worn)
Jewellery
 e - a ring of protection from magic (left hand)
 l - a +2 ring of protection
 t - a +5 ring of protection (right hand)
 w - a cursed -2 ring of protection
 E - an amulet of harm (around neck)
Wands
 y - a wand of paralysis (16)
 F - a wand of acid (10)
Scrolls
 b - 3 scrolls of enchant armour
 f - a scroll of fog {unknown}
 i - 2 scrolls of remove curse
 k - 2 scrolls of fear {unknown}
 n - 2 scrolls of immolation {unknown}
 p - 5 scrolls of identify
 q - a scroll of noise {unknown}
 r - a scroll of blinking {unknown}
 s - a scroll of amnesia {unknown}
 I - a scroll of teleportation {unknown}
Potions
 g - a potion of lignification {unknown}
 h - a potion of heal wounds {unknown}
 m - 6 potions of curing
 o - 2 potions of agility {unknown}
 u - 2 potions of haste {unknown}
 v - 2 potions of cancellation {unknown}
 z - a potion of flight {unknown}
 A - a potion of invisibility {unknown}
 C - a potion of magic {unknown}
Comestibles
 c - 14 rations
 B - 2 chunks of flesh


   Skills:
 + Level 12.8 Fighting
 + Level 12.8 Axes
 - Level 2.4 Armour
 - Level 2.1 Dodging


You had 9 spell levels left.
You didn't know any spells.

Dungeon Overview and Level Annotations

Branches:
Dungeon (8/15)             Temple (0/1) D:6
   Lair: D:8-11

Altars:
Ashenzari
Makhleb
Xom

Shops:
D:5 [


Innate Abilities, Weirdness & Mutations

You reflexively headbutt those who attack you in melee.
You have a pair of horns on your head.


Message History

The two-headed ogre closely misses you. The two-headed ogre barely misses you.
Things that are here:
a whip of venom; an orc corpse x2
The two-headed ogre hits you with a giant spiked club.
The two-headed ogre hits you with a giant club!
* * * LOW HITPOINT WARNING * * *
Things that are here:
a dagger; a robe
There is a stone staircase leading up here.
The two-headed ogre hits you with a giant spiked club!
* * * LOW HITPOINT WARNING * * *
The two-headed ogre barely misses you.
The sky beast flickers out of sight!
Deactivating autopickup; reactivate with Ctrl-A.
You climb upwards.
There is a stone staircase leading down here.
You barely miss the two-headed ogre.
The two-headed ogre hits you with a giant spiked club!
* * * LOW HITPOINT WARNING * * *
The two-headed ogre hits you with a giant club!
You die...

#.....# #.#.##.#.)....
#.....# #.#.##.#....#.
#.....# #.#....#..#.#.
#.....###.######..#.#.
#.....##..........#.#.
#.....##.........##.#.
#.....##.........##.#.
#.....#..........##.#.
#...O@#.............#.
#######...............
#...........#.....
#.#.#######.#...##
##.#....# #.#.#...
#....##.# #.#.....
#....##.# #.#####.
#....##.# #.# #.
####....##.# #.######


You could see a two-headed ogre.

Vanquished Creatures
  Pikel (D:6)
  The ghost of Goblin1989 the Chiller, a novice DsIE of Vehumet (D:7)
  Joseph (D:7)
  The ghost of Nanban the Thaumaturge, a novice DECj (D:6)
  Grinder (D:3)
  Prince Ribbit (D:6)
  3 yaks (D:6)
  Grum (D:8)
  2 ice beasts
  2 slaves (D:6)
  2 orc warriors
  A necrophage (D:7)
  3 ogres
  4 wolves (D:8)
  A centaur (D:8)
  A bullfrog (D:6)
  A water moccasin zombie (D:8)
  A scorpion (D:5)
  3 wights (D:6)
  2 crimson imps
  A howler monkey (D:4)
  A bullfrog zombie (D:6)
  A centaur zombie (D:6)
  A hound (D:7)
  A jelly (D:8)
  A bullfrog skeleton (D:5)
  2 orc priests
  5 orc wizards
  An iguana (D:6)
  Jessica (D:2)
  A gnoll shaman (D:4)
  2 worker ants
  A hound zombie (D:5)
  A hound skeleton (D:7)
  2 worker ant zombies (D:6)
  4 gnolls
  9 adders
  2 shadow imps
  An ooze (D:4)
  2 adder skeletons
  3 worms
  7 dart slugs
  7 leopard geckos
  21 orcs
  4 bats
  3 giant cockroaches
  6 goblins
  6 hobgoblins
  12 jackals
  6 quokkas
  2 frilled lizards
  A giant cockroach zombie (D:6)
  5 kobolds
  8 rats
164 creatures vanquished.

Notes
Turn   | Place    | Note
-------+----------+-------------------------------------------
     0 | D:1      | pk666 the Minotaur Berserker began the quest for the Orb.
     0 | D:1      | Reached XP level 1. HP: 19/19 MP: 0/0
    76 | D:1      | Reached XP level 2. HP: 16/27 MP: 1/1
   820 | D:2      | Reached XP level 3. HP: 29/34 MP: 2/2
   864 | D:2      | Found a burning altar of Makhleb.
   871 | D:2      | Reached ** piety under Trog
   925 | D:2      | Noticed Jessica
   932 | D:2      | Killed Jessica
   932 | D:2      | Reached XP level 4. HP: 29/41 MP: 3/3
  1183 | D:2      | Reached skill level 5 in Axes
  1190 | D:2      | Reached skill level 5 in Fighting
  1631 | D:3      | Found a shattered altar of Ashenzari.
  1666 | D:3      | Noticed Grinder
  1672 | D:3      | Paralysed by Grinder for 6 turns
  1682 | D:3      | Killed Grinder
  1682 | D:3      | Reached XP level 5. HP: 32/51 MP: 4/4
  1682 | D:3      | Reached XP level 6. HP: 36/58 MP: 5/5
  2371 | D:4      | Noticed an orc warrior
  2395 | D:4      | HP: 2/58 [orc warrior/mace (8)]
  2397 | D:4      | Killed an orc warrior
  2397 | D:4      | Reached XP level 7. HP: 3/66 MP: 6/6
  2844 | D:4      | Reached *** piety under Trog
  3483 | D:5      | Entered Level 5 of the Dungeon
  3695 | D:5      | Found Tunes's Antique Armour Boutique.
  3696 | D:5      | Found a shimmering altar of Xom.
  3710 | D:5      | Bought a pair of runed gloves for 172 gold pieces
  3956 | D:6      | Found a staircase to the Ecumenical Temple.
  4018 | D:6      | Reached XP level 8. HP: 67/75 MP: 7/7
  4054 | D:6      | Noticed Nanban's ghost (novice DECj)
  4063 | D:6      | Killed Nanban's ghost
  4149 | D:6      | Reached **** piety under Trog
  4219 | D:6      | Reached skill level 10 in Fighting
  4219 | D:6      | Reached skill level 10 in Axes
  4490 | D:6      | Reached XP level 9. HP: 61/86 MP: 8/8
  4537 | D:6      | Noticed Pikel
  4553 | D:6      | Killed Pikel
  4692 | D:6      | Noticed Prince Ribbit
  4700 | D:6      | Killed Prince Ribbit
  4925 | D:7      | Noticed Joseph
  4943 | D:7      | Killed Joseph
  5318 | D:7      | Noticed Goblin1989's ghost (novice DsIE)
  5334 | D:7      | Killed Goblin1989's ghost
  5334 | D:7      | Reached XP level 10. HP: 86/99 MP: 9/9
  5788 | D:8      | Noticed Grum
  5803 | D:8      | Killed Grum
  5810 | D:8      | Noticed a two-headed ogre
  5810 | D:8      | Noticed a two-headed ogre
  5823 | D:7      | Mangled by a two-headed ogre

Skill      XL: |  1  2  3  4  5  6  7  8  9 |
---------------+----------------------------+-----
Fighting       | 4 6 7 8 10 12 | 12.8
Axes           | 4 6 7 8 10 12 | 12.8
Armour         | |  2.4
Dodging        | |  2.1

Action                   |  1- 3 |  4- 6 |  7- 9 | 10-12 || total
-------------------------+-------+-------+-------+-------++-------
Melee: Hand axe          |    60 |   116 |   289 |    43 ||   508
       Headbutt          |     3 |    26 |    68 |     6 ||   103
Invok: Berserk           |       |     2 |     3 |     1 ||     6
       Burn Spellbooks   |       |     1 |     2 |       ||     3
  Use: Scroll            |       |       |     3 |       ||     3
  Eat: Chunk             |       |     5 |    13 |     3 ||    21
Armor: Animal skin       |     8 |       |       |       ||     8
       Leather armour    |     5 |       |       |       ||     5
       Ring mail         |     5 |    46 |   107 |    25 ||   183
Dodge: Dodged            |    29 |    72 |   137 |    37 ||   275
       Deflected         |       |     1 |     2 |       ||     3
